 Dungeon Crawl Stone Soup version 0.23-a0-393-g6e9e0f2 (webtiles) character file.

105 Amnesiac the Chopper (level 4, -6/41 HPs)
             Began as a Hill Orc Monk on Nov 1, 2018.
             Shot with an arrow by a centaur (13 damage)
             ... on level 6 of the Dungeon.
             The game lasted 00:03:15 (1469 turns).

Amnesiac the Chopper (Hill Orc Monk)                Turns: 1469, Time: 00:03:15

Health: -6/41      AC:  3    Str: 14    XL:     4   Next: 83%
Magic:  4/4        EV: 13    Int: 14    God:
Gold:   141        SH:  0    Dex: 13    Spells: 3/3 levels left

rFire    . . .     SeeInvis .   a - +0 hand axe
rCold    . . .     Gourm    .   (no shield)
rNeg     . . .     Faith    .   b - +0 robe
rPois    .         Spirit   .   (no helmet)
rElec    .         Reflect  .   d - +0 cloak
rCorr    +         Harm     .   (no gloves)
MR       .....                  (no boots)
Stlth    ++........             (no amulet)
HPRegen  0.13/turn              e - +4 ring of intelligence
MPRegen  0.09/turn              f - ring of resist corrosion

@: no status effects
A: no striking features
a: no special abilities


You were on level 6 of the Dungeon.
You were not hungry.

You visited 1 branch of the dungeon, and saw 6 of its levels.

You collected 141 gold pieces.

Inventory:

Hand Weapons
 a - a +0 hand axe (weapon)
Armour
 b - a +0 robe (worn)
 d - a +0 cloak (worn)
Jewellery
 e - a +4 ring of intelligence (left hand)
 f - a ring of resist corrosion (right hand)
Wands
 h - a wand of enslavement (7)
Scrolls
 g - a scroll of immolation {!r, unknown}
 i - a scroll of remove curse {!r, unknown}
 j - a scroll of identify {!r, unknown}
 l - a scroll of vulnerability {!r, unknown}
Potions
 k - a potion of heal wounds {!q, unknown}
Comestibles
 c - 3 rations
 m - a chunk of flesh


   Skills:
 + Level 4.7 Fighting
 * Level 6.3 Axes
 - Level 2.4 Dodging
 - Level 1.5 Stealth


You had 3 spell levels left.
You didn't know any spells.
Your spell library was empty.

Dungeon Overview and Level Annotations

Branches:
Dungeon (6/15)
 Temple: D:4-7

Altars:
Hepliaklqana
Xom

Shops:
D:6 ?

Annotations:
D:5 exclusion: upstairs
D:6 exclusions: phantom and worker ant


Message History

You slash the hound zombie!
The hound zombie is heavily damaged.
The hound zombie closely misses you.
You barely miss the hound zombie.
The hound zombie is heavily damaged.
The hound zombie barely misses you.
You hit the hound zombie.
The hound zombie is heavily damaged.
The hound zombie barely misses you. The hound zombie bites you.
You hit the hound zombie.
The hound zombie is severely damaged.
The hound zombie barely misses you.
You hit the hound zombie but do no damage.
The hound zombie is severely damaged.
The hound zombie closely misses you.
You hit the hound zombie.
The hound zombie is severely damaged.
The hound zombie bites you but does no damage.
The hound zombie closely misses you.
You slash the hound zombie!
The hound zombie is almost destroyed.
The hound zombie bites you but does no damage.
You closely miss the hound zombie.
The hound zombie is almost destroyed.
The hound zombie bites you.
You barely miss the hound zombie.
The hound zombie is almost destroyed.
The hound zombie bites you.
You hit the hound zombie but do no damage.
The hound zombie is almost destroyed.
The hound zombie bites you but does no damage.
The hound zombie bites you.
You hit the hound zombie.
You destroy the hound zombie!
No target in view!
A sky beast comes into view.
An iguana comes into view.
The iguana hisses angrily.
Found a stone staircase leading down.
The iguana barely misses you.
You open the door. The iguana bites you.
There is an open door here.
You miss the sky beast. You hit the iguana but do no damage.
The sky beast hits you. The sky beast shocks you. The iguana bites you!
* * * LOW HITPOINT WARNING * * *
The sky beast hits you.
* * * LOW HITPOINT WARNING * * *
The sky beast shocks you.
* * * LOW HITPOINT WARNING * * *
The sky beast flickers out of sight!
Deactivating autopickup; reactivate with Ctrl-A.
Something hits you but does no damage.
A centaur comes into view.
Found Sosut's Magic Scroll Emporium.
The centaur shouts!
The centaur wields a +0 shortbow.
The centaur shoots an arrow.
The arrow hits you.
* * * LOW HITPOINT WARNING * * *
You see here an arrow.
The centaur shoots an arrow.
The arrow hits you.
* * * LOW HITPOINT WARNING * * *
You see here an arrow.
The centaur shoots an arrow.
The arrow hits you!
You die...

#.# #....####### #.#
####..........# #.#
#..'..........+ #.#
#.##......%...# #.#
#.##..........####. #.#
#>................. #.#
#........l.........
#.#######....###(..####
#.............@(...c....
#.####.....#####.#.#####
#..........#####.....
#..###.........#.∩.#..
#..# #.......###...#..#
#..# #.#.....# #.#.# .#
#..# #.#.....# ..... #
#..# #.#.....# .##..
#..# #.#####.#


You could see a centaur.

Vanquished Creatures
  A hound zombie (D:6)
  3 adders
  A shadow imp (D:6)
  A worm (D:2)
  2 dart slugs
  2 leopard geckos
  2 orcs
  3 giant cockroaches
  7 goblins
  6 hobgoblins
  2 jackals (D:1)
  5 kobolds
  A quokka (D:4)
  3 bats
  A frilled lizard (D:1)
  2 rats
42 creatures vanquished.

Notes
Turn   | Place    | Note
-------+----------+-------------------------------------------
     0 | D:1      | Amnesiac the Hill Orc Monk began the quest for the Orb.
     0 | D:1      | Reached XP level 1. HP: 19/19 MP: 1/1
   131 | D:1      | Reached XP level 2. HP: 26/27 MP: 2/2
   302 | D:1      | Reached skill level 5 in Axes
   305 | D:1      | Reached XP level 3. HP: 25/33 MP: 3/3
   627 | D:3      | Found a hazy altar of Hepliaklqana.
   628 | D:3      | Found a shimmering altar of Xom.
   629 | D:3      | Noticed a spectral ugly thing
   644 | D:3      | Reached XP level 4. HP: 20/41 MP: 4/4
   983 | D:5      | Entered Level 5 of the Dungeon
  1057 | D:6      | Noticed a phantom
  1159 | D:6      | Reached skill level 6 in Axes
  1448 | D:6      | Noticed a sky beast
  1464 | D:6      | Noticed a centaur
  1466 | D:6      | Found Sosut's Magic Scroll Emporium.
  1469 | D:6      | Shot with an arrow by a centaur

Vault maps used:
D:1:      dpeg_chamrin_arrival_tetris
D:2:      first_ration
D:3:      regret_index_temple_of_mockery,
          chequers_ecumenical_altar_simple_redux, st_stairs_4
D:4:      minmay_temple_entry_enclosed_plants
D:5:      minivault_5, trog_hazing_becter
D:6:      gammafunk_temple_overflow_elements, serial_shops, nicolae_shop_stone

Skill      XL: |  1  2  3  4 |
---------------+-------------+-----
Fighting       | 4 |  4.7
Axes           | 5 6 |  6.3
Dodging        | |  2.4
Stealth        | |  1.5

Action                   |  1- 3 |  4- 6 || total
-------------------------+-------+-------++-------
Melee: Hand axe          |    87 |    60 ||   147
 Stab: Sleeping          |     3 |     2 ||     5
  Eat: Chunk             |       |     2 ||     2
Armor: Robe              |    20 |    16 ||    36
Dodge: Dodged            |    56 |    30 ||    86

Table legend:
 A = Non-vault XP
 B = Vault XP
 C = Vault XP percentage of total XP
 D = Non-vault monster count
 E = Vault monster count
 F = Vault count percentage of total count
                 A         B        C        D         E       F
            +---------+---------+-------+---------+---------+-------
      Total |     147 |       4 |   2.6 |      40 |       2 |   4.8
            +---------+---------+-------+---------+---------+-------
        D:1 |      34 |       0 |   0.0 |      17 |       0 |   0.0
        D:2 |      38 |       0 |   0.0 |      12 |       0 |   0.0
        D:3 |      20 |       4 |  16.7 |       5 |       2 |  28.6
        D:4 |       2 |       0 |   0.0 |       1 |       0 |   0.0
        D:5 |       4 |       0 |   0.0 |       1 |       0 |   0.0
        D:6 |      49 |       0 |   0.0 |       4 |       0 |   0.0
            +---------+---------+-------+---------+---------+-------
